Map: [ESL] Cosmic Sapphire

Players

herO

  • Race: Protoss Protoss
  • Spawn Location: 5:00

LiquidClem (Clem) - Winner!

  • Race: Terran Terran
  • League: Master
  • Spawn Location: 11:00

VOD

Have the link to the VOD?

Description

Time

  • Played on: Nov. 5, 2022, 8:45 a.m.
  • Length: 8:31
Show
View Real Time Build Order
Export as new Build Order

herO Protoss 

Build Orders: Oracle Opening 

Get SALT Encoding   

  12  0:00  Probe  
  13  0:13  Pylon  
  13  0:17  Probe  
  14  0:29  Probe (Chrono Boost)  
  14  0:32  Gateway  
  15  0:40  Probe (Chrono Boost)  
  15  0:42  Assimilator  
  16  0:45  Probe (Chrono Boost)  
  17  0:50  Assimilator  
  17  0:55  Probe  
  18  1:07  Probe  
  19  1:19  Cybernetics Core  
  19  1:20  Probe  
  19  1:23  Pylon  
  19  1:25  Zealot  
  22  1:32  Probe  
  23  1:44  Probe  
  24  1:56  Adept (Chrono Boost), Stargate, Probe  
  27  2:05  Warp Gate  
  27  2:06  Pylon  
  27  2:08  Probe  
  28  2:17  Adept  
  29  2:37  Oracle (Chrono Boost)  
  30  2:56  Nexus  
  30  2:57  Probe  
  29  3:04  Adept  
  31  3:08  Oracle (Chrono Boost)  
  31  3:12  Probe  
  35  3:24  Probe  
  36  3:36  Probe  
  36  3:37  Oracle (Chrono Boost)  
  38  3:48  Probe  
  39  4:08  Probe x2  
  39  4:09  Nexus  
  41  4:11  Pylon  
  41  4:12  Oracle (Chrono Boost)  
  44  4:21  Probe x2  
  43  4:35  Probe x2  
  45  4:42  Gateway x2  
  45  4:45  Oracle (Chrono Boost)  
  45  4:47  Probe x2  
  50  4:54  Pylon  
  50  4:59  Probe x2  
  50  5:10  Assimilator  
  50  5:11  Probe x2 (Chrono Boost)  
  50  5:12  Assimilator  
  52  5:17  Twilight Council, Forge  
  52  5:22  Probe (Chrono Boost)  
  52  5:23  Probe x2 (Chrono Boost)  
  55  5:31  Probe (Chrono Boost)  
  55  5:32  Probe x2 (Chrono Boost), Pylon  
  58  5:36  Probe (Chrono Boost)  
  58  5:37  Probe x2  
  58  5:38  Stalker  
  63  5:44  Stalker  
  63  5:47  Shield Battery  
  63  5:49  Shield Battery  
  65  5:51  Sentry  
  65  5:54  Probe x2  
  65  5:57  Probe  
  70  6:08  Stalker x2, Blink  
  74  6:11  Protoss Ground Weapons Level 1 (Chrono Boost)  
  74  6:15  Probe x3, Stalker  
  79  6:24  Robotics Facility  
  79  6:31  Probe x2  
  78  6:38  Stalker x3  
  84  6:40  Probe  
  84  6:43  Probe x2  
  84  6:44  Gateway  
  87  6:51  Pylon  
  87  6:56  Gateway  
  87  6:57  Shield Battery  
  87  6:58  Gateway  
  87  7:00  Pylon x2  
  87  7:09  Probe x2  
  87  7:10  Probe  
  87  7:13  Gateway  
  90  7:16  Sentry  
  90  7:17  Shield Battery  
  92  7:23  Stalker x2  
  96  7:31  Immortal (Chrono Boost)  
  98  7:48  Gateway, Stalker x3  
  98  7:49  Stalker  
  98  7:50  Gateway  
  106  7:51  Stalker  
  106  7:55  Pylon  
  106  7:56  Pylon  
  106  7:57  Pylon  
  102  8:00  Pylon  
  102  8:03  Zealot  
Show
View Real Time Build Order
Export as new Build Order

LiquidClem Terran - Winner!

Build Orders: Reaper Expand 

Get SALT Encoding   

  12  0:00  SCV  
  13  0:12  SCV  
  14  0:17  Supply Depot  
  14  0:24  SCV  
  15  0:38  SCV  
  15  0:40  Barracks  
  16  0:43  Refinery  
  16  0:50  SCV  
  17  1:02  SCV  
  18  1:14  SCV  
  19  1:28  Reaper, Orbital Command  
  20  1:39  Command Center  
  20  1:47  Supply Depot  
  20  1:53  SCV  
  21  2:00  Marine  
  22  2:05  Factory  
  22  2:09  SCV  
  22  2:15  Bunker  
  23  2:18  Marine  
  24  2:25  Engineering Bay  
  24  2:29  SCV  
  25  2:39  Barracks Reactor  
  25  2:41  SCV  
  26  2:49  Factory Tech Lab  
  26  2:54  Missile Turret  
  26  2:56  SCV, Orbital Command  
  26  3:01  Missile Turret  
  26  3:08  Cyclone  
  26  3:11  SCV  
  28  3:22  SCV, Marine  
  28  3:23  Marine  
  28  3:26  SCV  
  32  3:34  SCV  
  32  3:38  SCV  
  32  3:40  Barracks  
  34  3:43  Marine x2  
  34  3:46  SCV  
  37  3:50  SCV  
  37  3:55  Supply Depot  
  37  3:58  SCV  
  37  4:01  Cyclone, Marine x2  
  42  4:03  SCV  
  43  4:10  SCV, Barracks  
  43  4:13  Refinery  
  43  4:15  SCV  
  45  4:19  Supply Depot  
  45  4:22  SCV  
  45  4:23  Marine x2  
  48  4:27  SCV  
  46  4:35  SCV  
  47  4:39  SCV  
  47  4:40  Marine  
  47  4:41  Refinery  
  47  4:43  Marine x2  
  47  4:44  Stimpack  
  51  4:47  SCV  
  51  4:48  Supply Depot  
  51  4:51  SCV  
  53  4:59  SCV, Marine  
  55  5:01  Marine x2  
  55  5:03  SCV  
  55  5:06  Starport  
  58  5:11  SCV, Factory Reactor  
  58  5:12  Supply Depot  
  58  5:13  Barracks Tech Lab  
  59  5:15  SCV  
  59  5:17  Marine  
  59  5:19  Marauder, Marine  
  64  5:23  SCV  
  64  5:27  Supply Depot  
  64  5:28  SCV  
  66  5:29  Terran Infantry Weapons Level 1  
  66  5:32  Marauder  
  66  5:35  SCV, Marine  
  70  5:37  Marine  
  70  5:41  Supply Depot  
  71  5:43  Refinery  
  71  5:44  Marauder  
  71  5:48  Combat Shield  
  71  5:49  SCV x2  
  75  5:53  Supply Depot  
  75  5:55  Marine x2  
  79  5:57  Marauder  
  79  6:02  SCV  
  79  6:03  Medivac  
  82  6:10  SCV, Marauder  
  84  6:15  Medivac  
  84  6:16  Marine x2  
  86  6:18  Supply Depot  
  86  6:21  Marauder  
  86  6:25  Factory Reactor  
  88  6:31  Marauder  
  88  6:35  Command Center  
  88  6:37  Medivac  
  88  6:38  Marine  
  90  6:40  Marine  
  90  6:41  Supply Depot, SCV x2  
  90  6:45  Marauder  
  94  6:51  Medivac  
  96  6:56  Barracks  
  96  6:57  Barracks  
  96  6:59  SCV x2  
  97  7:06  Marauder x2  
  97  7:07  Marine x2  
  100  7:11  SCV  
  100  7:12  Widow Mine x2  
  100  7:13  Concussive Shells  
  105  7:17  SCV  
  106  7:23  SCV  
  106  7:24  Supply Depot  
  106  7:25  Marine x2  
  106  7:29  SCV, Marauder  
  110  7:31  Marauder  
  110  7:36  Widow Mine x2  
  115  7:38  SCV  
  116  7:48  Barracks Reactor, Supply Depot, Barracks Tech Lab  
  116  7:50  Marauder  
  116  7:51  Marine x2  
  117  7:53  Marauder  
  117  7:54  Medivac  
  121  8:00  Widow Mine x2  
  121  8:02  SCV x2  
Tags
 
Add a new tag
Caveats
  • Supply blocks, unpowered buildings, or Contaminate may cause inaccurate times.
  • Supply counts are checked every 10 seconds.